 Dungeon Crawl Stone Soup version 0.21-a0-442-g848f44b (webtiles) character file.

15 slep the Skirmisher (level 2, 0/25 HPs)
             Began as a Formicid Wanderer on Nov 16, 2017.
             Slain by Sigmund
             ... wielding a +0 scythe
              (3 damage)
             ... on level 2 of the Dungeon.
             The game lasted 00:03:14 (877 turns).

slep the Skirmisher (Formicid Wanderer)              Turns: 877, Time: 00:03:15

Health: 0/25       AC:  5    Str: 15    XL:     2   Next: 65%
Magic:  3/3        EV: 11    Int: 12    God:
Gold:   80         SH:  0    Dex: 10    Spells: 3/3 levels left

rFire    . . .     SeeInvis +   h - +0 mace
rCold    . . .     Gourm    .   (no shield)
rNeg     . . .     Faith    .   i - +0 leather armour
rPois    .         Spirit   .   (helmet unavailable)
rElec    .         Reflect  .   (no cloak)
rCorr    .         Harm     .   (no gloves)
MR       .....                  n - +1 pair of boots
Stlth    +.........             (no amulet)
HPRegen  0.08/turn              (no ring)
MPRegen  0.08/turn              (no ring)

@: no status effects
A: permanent stasis, dig shafts and tunnels, four strong arms, antennae 3
a: Dig, Shaft Self


You were on level 2 of the Dungeon.
You were not hungry.

You visited 1 branch of the dungeon, and saw 2 of its levels.

You collected 80 gold pieces.

Inventory:

Hand Weapons
 e - a +0 club
 h - a +0 mace (weapon)
Armour
 d - a +0 robe
 i - a +0 leather armour (worn)
 n - a +1 pair of boots (worn)
Wands
 c - a wand of random effects (15/48)
Scrolls
 j - a scroll of immolation {unknown}
 k - a scroll of remove curse {unknown}
 l - a scroll of identify {unknown}
Books
 a - a book of Spatial Translocations

   Spells                             Type                      Level
   a - Blink                          Translocation                2
   b - Shroud of Golubria             Charms/Translocation         2
   c - Lesser Beckoning               Translocation                3
   d - Gell's Gravitas                Translocation                3
   e - Teleport Other                 Translocation                3
   f - Passage of Golubria            Translocation                4
 b - the Incunabulum of Envenoming

   Spells                             Type                      Level
   a - Sting                          Conjuration/Poison           1
   b - Spider Form                    Transmutation/Poison         3
Comestibles
 f - 3 bread rations
 g - a meat ration
 m - 2 chunks of flesh


   Skills:
 + Level 3.9 Fighting
 + Level 0.1 Maces & Flails
 + Level 0.3 Armour
 + Level 0.1 Dodging
 + Level 1.1 Spellcasting
   Level 3.0 Necromancy
   Level 1.0 Translocations
 + Level 2.4 Evocations


You had 3 spell levels left.
You didn't know any spells.

Dungeon Overview and Level Annotations

Branches:
Dungeon (2/15)

Altars:

Annotations:
D:2 Sigmund


Innate Abilities, Weirdness & Mutations

You cannot be hasted, slowed, berserked, paralysed or teleported.
You can dig through walls and to a lower floor.
Your four strong arms can wield two-handed weapons with a shield.
You have a pair of large antennae on your head. (SInv)


Message History

You closely miss Sigmund.
Sigmund is moderately wounded.
Sigmund closely misses you.
You closely miss Sigmund.
Sigmund is moderately wounded.
Sigmund hits you with a scythe!
* * * LOW HITPOINT WARNING * * *
You closely miss Sigmund.
Sigmund is moderately wounded.
Sigmund barely misses you.
You hit Sigmund.
Sigmund is heavily wounded.
Sigmund completely misses you.
You hit Sigmund.
Sigmund is heavily wounded.
Sigmund barely misses you.
You hit Sigmund.
Sigmund is severely wounded.
Sigmund hits you with a scythe.
You die...

###.. .. #...# ..... #...
#...#...... ##..
#...#......####...
#...#....... .....
#<....##... ...#
##........##. .r# #
.÷...#.).#... #@## .#
.#..#......# #@.## ##.#
[..........## ##..##...#
##.#........######....##
#..#...................####
#..##.....########....%....
#..#.......#######.###.###<
...........#.......### >.
...#.÷....................
.#...........#############


You could see Sigmund (invisible) and a rat.

Vanquished Creatures
  A goblin (D:1)
  2 hobgoblins (D:1)
  5 jackals
  2 kobolds
  2 bats (D:2)
  A rat (D:1)
13 creatures vanquished.

Notes
Turn   | Place    | Note
-------+----------+-------------------------------------------
     0 | D:1      | slep the Formicid Wanderer began the quest for the Orb.
     0 | D:1      | slep set off with: a book of Spatial Translocations, the Incunabulum of Envenoming, a wand of random effects (15/48), a +0 robe, a +0 club, a bread ration
     0 | D:1      | Reached XP level 1. HP: 18/18 MP: 2/2
   333 | D:1      | Reached XP level 2. HP: 25/25 MP: 3/3
   862 | D:2      | Noticed Sigmund
   877 | D:2      | Slain by Sigmund

Vault maps used:
D:1:      dpeg_arrival_leaves_temple_mockup, hangedman_glass_garden
D:2:      first_bread, uniq_crazy_yiuf_cottage, uniq_sigmund

Action                   || total
-------------------------++-------
Melee: Mace              ||    56
 Stab: Sleeping          ||     1
Armor: Leather armour    ||    23
       Robe              ||     1
Dodge: Dodged            ||    39

Table legend:
 A = Spawn XP
 B = Non-spawn XP
 C = Spawn XP percentage of total XP
 D = Spawn monster count
 E = Non-spawn monster count
 F = Spawn count percentage of total count
 G = Total turns spent on level
                    A         B        C        D         E        F      G
               +---------+---------+-------+---------+---------+-------+---------
         Total |       0 |      22 |   0.0 |       0 |      13 |   0.0 |   877
               +---------+---------+-------+---------+---------+-------+---------
           D:1 |       0 |      13 |   0.0 |       0 |       7 |   0.0 |   519
           D:2 |       0 |       9 |   0.0 |       0 |       6 |   0.0 |   358
               +---------+---------+-------+---------+---------+-------+---------
